 Dungeon Crawl Stone Soup version 0.28.0-43-g3370ac3207 (webtiles) character file.

Game seed: 11684207334906581384

5880 pkoi the Frost Mage (level 10, -3/56 HPs)
             Began as an Octopode Ice Elementalist on Mar 17, 2022.
             Was a Believer of Sif Muna.
             Slain by a two-headed ogre
             ... wielding a +0 giant club
              (16 damage)
             ... on level 9 of the Dungeon.
             The game lasted 00:24:44 (12160 turns).

pkoi the Frost Mage (Octopode Ice Elementalist)    Turns: 12160, Time: 00:24:44

Health: -3/56      AC: 13    Str:  9    XL:     10   Next: 81%
Magic:  12/18      EV: 17    Int: 21    God:    Sif Muna [**....]
Gold:   428        SH:  0    Dex: 12    Spells: 6/20 levels left

rFire   x . .      SeeInvis .   B - +2 short sword (venom)
rCold   + + .      Faith    .   (no shield)
rNeg    . . .      Spirit   .   j - +2 hat
rPois   .          Reflect  .   (no amulet)
rElec   .          Harm     .   f - +4 ring of evasion
rCorr   .          Rampage  .   D - ring of protection from cold
Will    .....                   A - ring of ice
Stlth   +++.......              (no ring)
HPRegen 0.18/turn               (no ring)
MPRegen 0.16/turn               (no ring)
                                (no ring)
                                (no ring)

@: ice-armoured, freezing walls
A: almost no armour, amphibious, 8 rings, camouflage 1, gelatinous body 1,
(nimble swimmer 1), tentacles
a: Renounce Religion, Channel Magic


You were on level 9 of the Dungeon.
You worshipped Sif Muna.
Sif Muna was pleased with you.
You visited 2 branches of the dungeon, and saw 12 of its levels.
You also visited: Sewer and Ossuary.

You collected 428 gold pieces.

Inventory:

Hand Weapons
 a - a +0 whip
 b - a +4 flail of protection
 d - a +0 hunting sling of freezing
 l - the +7 flail "Foemmo" {holy, rPois}
   (You found it on level 3 of the Dungeon)

   It has been blessed by the Shining One to cause great damage to the undead
   and demons.
   rPois:     It protects you from poison.
 B - a +2 short sword of venom (weapon)
Missiles
 c - 29 poisoned darts
 n - 2 curare-tipped darts
 p - 46 sling bullets
Armour
 j - a +2 hat (worn)
Magical Staves
 u - a staff of air
Jewellery
 f - a +4 ring of evasion (left tentacle)
 A - a ring of ice (on tentacle)
 D - a ring of protection from cold (right tentacle)
Wands
 m - a wand of charming (6)
 v - a wand of flame (23)
 C - a wand of acid (5)
Scrolls
 e - a scroll of enchant weapon
 s - 3 scrolls of fog
 t - a scroll of identify
 y - 4 scrolls of teleportation
 z - a scroll of noise {unknown}
Potions
 g - 3 potions of flight
 h - a potion of berserk rage {unknown}
 i - 2 potions of haste
 k - 4 potions of resistance {unknown}
 o - 7 potions of heal wounds
 q - a potion of might
 r - 8 potions of curing
 w - 3 potions of cancellation {unknown}
 x - a potion of invisibility


   Skills:
 - Level 2.0 Dodging
 - Level 2.6 Stealth
 + Level 5.8 Spellcasting
 + Level 5.8 Conjurations
 + Level 2.2 Transmutations
 + Level 2.1 Fire Magic
 - Level 12.5 Ice Magic
 + Level 2.6 Poison Magic
 + Level 4.6 Invocations


You had 6 spell levels left.
You knew the following spells:

 Your Spells              Type           Power      Damage    Failure   Level
a - Freeze                Ice            100%       1d11      1%          1
b - Frozen Ramparts       Ice            100%       1d12      1%          3
c - Ozocubu's Armour      Ice            73%        N/A       1%          3
d - Hailstorm             Conj/Ice       61%        3d13      2%          4
e - Ignite Poison         Fire/Tmut/Pois 16%        N/A       12%         3

Your spell library contained the following spells:

 Spells                   Type           Power      Damage    Failure   Level
 Conjure Flame            Conj/Fire      22%        6-21      6%          3
 Stone Arrow              Conj/Erth      36%        3d9       9%          3
 Sandblast                Erth           12%        2d6       10%         1
 Passwall                 Tmut/Erth      8%         N/A       10%         2
 Inner Flame              Hex/Fire       10%        N/A       19%         3
 Sticky Flame             Conj/Fire      22%        2d4       19%         4
 Cause Fear               Hex            3%         N/A       69%         4
 Discord                  Hex            3%         N/A       100%        8


Dungeon Overview and Level Annotations

Branches:
Dungeon (11/15)            Temple (1/1) D:5           Sewer (visited)
Ossuary (visited)
   Lair: D:8-11         Orc: D:9-12

Altars:
Ashenzari
Cheibriados
Dithmenos
Elyvilon
Fedhas
Gozag
Hepliaklqana
Kikubaaqudgha
Makhleb
Nemelex Xobeh
Okawaru
Qazlal
Ru
Sif Muna
Trog
Uskayaw
Vehumet
Wu Jian
Xom
Yredelemnul
Zin
The Shining One

Shops:
D:6 (

Annotations:
D:2 1 runed translucent door, Crazy Yiuf
D:11 Psyche


Innate Abilities, Weirdness & Mutations

You cannot wear most types of armour.
You are amphibious.
You can wear up to eight rings at the same time.
Your skin changes colour to match your surroundings (Stealth+).
Your rubbery body absorbs attacks. (AC +1, EV +1)
((You are camouflaged when in or above water. (Stealth+)))
You have tentacles for arms and can constrict up to eight enemies at once.


Message History

Casting: Ignite Poison (dangerous; 12% risk of failure)
Confirm with . or Enter, or press ? or * to list all spells.
Okay, then.
Unknown command.
Unknown command.
Things that are here:
a +0 giant club; a +0 giant spiked club; a two-headed ogre corpse
p - 45 sling bullets (gained 1)
p - 46 sling bullets (gained 1)
There is an open door here.
There is an open door here.
Found a scale mail.
Unknown command.
A two-headed ogre is nearby!
Casting: Ignite Poison (dangerous; 12% risk of failure)
Confirm with . or Enter, or press ? or * to list all spells.
You feel a surge of power! A film of ice covers your body!
Casting: Ozocubu's Armour (safe; 1% risk of failure)
Confirm with . or Enter, or press ? or * to list all spells.
Casting: Frozen Ramparts (safe; 1% risk of failure)
Press: ? - help, Dir - look around, f - activate You feel a surge of power!
The walls around you are covered in ice.
The wall freezes the two-headed ogre.
The two-headed ogre hits you with a +0 giant club!!
* * * LOW HITPOINT WARNING * * *
The two-headed ogre completely misses you.
You hit the two-headed ogre but do no damage.
The two-headed ogre is poisoned.
The two-headed ogre is lightly wounded.
The wall freezes the two-headed ogre.
The two-headed ogre misses you. The two-headed ogre barely misses you.
Unknown command.
You hit the two-headed ogre.
The two-headed ogre is lightly wounded.
The wall freezes the two-headed ogre.
The two-headed ogre hits you with a +0 giant club!
* * * LOW HITPOINT WARNING * * *
The two-headed ogre hits you with a +0 giant club!
You die...

#
#####.......)....######
#
#...(............'....#
#
#........####....####.#
# #........# #....# #.#
# #........# #....# #.#
# #........# #.#.## #.#
# #........#
#.#.##..#.# #
#........# #.#.##..#.#
#
#.......@####.#.##..#.#
#
########O#.......#..#.#
# #.#.......#..#.# ##
#!#.......+..#.# .#
#.........##.#.# .#
#..............# .#
.......#####.### .#
...... #.##### ## ...
#......


You could see a two-headed ogre (poisoned).

Vanquished Creatures
  2 two-headed ogres (D:9)
  Edmund (D:6)
  Menkaure (D:7)
  4 water moccasins
  A black bear (D:4)
  3 hornet zombies
  2 orc warriors
  2 necrophages (D:6)
  3 ogres
  5 centaurs
  A phantom (D:6)
  4 kobold brigands
  4 bullfrogs
  A scorpion (D:5)
  A wyvern zombie (Ossuary)
  A water moccasin skeleton (D:6)
  5 killer bees (D:9)
  5 wights (D:8)
  A howler monkey (D:6)
  8 bullfrog zombies
  6 centaur zombies
  A jelly (D:4)
  4 orc priests
  A centaur skeleton (D:7)
  2 iguanas
  8 orc wizards
  Terence (D:3)
  5 killer bee zombies
  14 mummies (Ossuary)
  2 howler monkey zombies (Ossuary)
  4 gnolls
  A howler monkey skeleton (D:7)
  4 adders
  4 river rats (Sewer)
  An adder skeleton (D:4)
  A worm (D:3)
  2 dart slugs (D:3)
  20 orcs
  3 endoplasms
  8 giant cockroaches
  8 goblins
  11 hobgoblins
  7 jackals
  5 quokkas
  10 ball pythons
  4 bats
  4 frilled lizards
  21 kobolds
  5 rats
222 creatures vanquished.

Vanquished Creatures (others)
  3 plants (D:3)
  4 withered plants (Ossuary)
7 creatures vanquished.

Grand Total: 229 creatures vanquished

Notes
Turn   | Place    | Note
-------+----------+-------------------------------------------
     0 | D:1      | pkoi the Octopode Ice Elementalist began the quest for the
                  | Orb.
     0 | D:1      | Reached XP level 1. HP: 11/11 MP: 3/3
   395 | D:1      | Reached XP level 2. HP: 17/17 MP: 3/5
   756 | D:1      | Found a faded altar of an unknown god.
  1045 | D:1      | Reached XP level 3. HP: 21/21 MP: 4/6
  1233 | D:2      | Reached skill level 5 in Ice Magic
  1435 | D:2      | Learned a level 3 spell: Frozen Ramparts
  2072 | D:2      | Found a runed translucent door.
  2073 | D:2      | Noticed Crazy Yiuf
  2416 | D:3      | Reached XP level 4. HP: 26/27 MP: 4/7
  2837 | D:3      | Noticed Terence
  3374 | D:3      | Reached skill level 6 in Ice Magic
  3585 | D:3      | Identified the +7 flail "Foemmo" {holy, rPois}
  3656 | D:3      | Killed Terence
  3657 | D:3      | Reached XP level 5. HP: 31/31 MP: 4/8
  4028 | D:4      | Reached skill level 7 in Ice Magic
  4217 | D:4      | Reached XP level 6. HP: 36/36 MP: 7/9
  4260 | D:4      | Found a glowing drain.
  4268 | Sewer    | Entered a sewer
  4429 | Sewer    | Reached skill level 8 in Ice Magic
  4491 | Sewer    | Found a white marble altar of Elyvilon.
  4557 | D:4      | Reached XP level 7. HP: 37/41 MP: 10/10
  4561 | D:4      | Learned a level 3 spell: Ozocubu's Armour
  5202 | D:5      | Entered Level 5 of the Dungeon
  5215 | D:5      | Found a sand-covered staircase.
  5286 | Ossuary  | Entered an ossuary
  5299 | Ossuary  | Reached skill level 9 in Ice Magic
  5466 | Ossuary  | Reached XP level 8. HP: 40/46 MP: 4/11
  5468 | Ossuary  | Reached skill level 10 in Ice Magic
  5737 | Ossuary  | Reached skill level 11 in Ice Magic
  6486 | D:5      | Found a staircase to the Ecumenical Temple.
  6535 | D:5      | Reached XP level 9. HP: 51/51 MP: 5/12
  6557 | Temple   | Entered the Ecumenical Temple
  6857 | Temple   | Became a worshipper of Sif Muna the Loreminder
  6895 | D:5      | Learned a level 4 spell: Hailstorm
  7346 | D:6      | Found Ruastoin's Weapon Emporium.
  7372 | D:6      | Reached skill level 1 in Conjurations
  7372 | D:6      | Reached skill level 12 in Ice Magic
  7490 | D:6      | Noticed Edmund
  7497 | D:6      | Killed Edmund
  8395 | D:7      | Found Rucrud's Assorted Antiques.
  8469 | D:7      | Noticed Menkaure
  8474 | D:7      | Killed Menkaure
  8595 | D:7      | Reached * piety under Sif Muna
  8727 | D:7      | Reached skill level 1 in Invocations
  8798 | D:7      | Identified the +1 robe of Xom's Castigation {Slay+2}
  8827 | D:7      | Reached XP level 10. HP: 56/56 MP: 5/16
  9554 | D:8      | Reached skill level 5 in Spellcasting
  9709 | D:8      | Reached skill level 5 in Conjurations
 10013 | D:8      | You fall into a shaft and drop 3 floors!
 10014 | D:11     | Noticed Psyche
 10017 | D:11     | Noticed a two-headed ogre
 10046 | D:10     | Entered Level 10 of the Dungeon
 10150 | D:9      | Noticed a two-headed ogre
 10434 | D:9      | Noticed a two-headed ogre
 10457 | D:9      | Learned a level 3 spell: Ignite Poison
 10623 | D:9      | Killed a two-headed ogre
 10624 | D:9      | Reached skill level 1 in Transmutations
 10624 | D:9      | Reached skill level 1 in Fire Magic
 10624 | D:9      | Reached skill level 1 in Poison Magic
 11058 | D:8      | Found a glowing golden altar of the Shining One.
 11678 | D:9      | Noticed a two-headed ogre
 11765 | D:9      | Killed a two-headed ogre
 11765 | D:9      | Reached ** piety under Sif Muna
 12160 | D:9      | Slain by a two-headed ogre

Illustrated notes

Levels and vault maps discovered:
D:1:      dpeg_arrival_long_road, layout_rooms, ebering_ecumenical_altar_webs,
          minmay_misc_feat_hallway
D:2:      wad_pebble_path, layout_loops_ring, serial_glass, glass_columns_c,
          glass_columns_a, uniq_crazy_yiuf_cottage
D:3:      corexii_shack_village, layout_basic, uniq_terence
D:4:      layout_loops_cross, gup_sewer_entry_pipe
D:5:      layout_basic, minmay_temple_entry_mist,
          nicolae_ossuary_entry_false_entrances
D:6:      layout_basic, serial_shops, nicolae_shop_behind_doors,
          chequers_avenue, uniq_edmund
D:7:      layout_basic, serial_shops, shop_fountains, uniq_menkaure
D:8:      layout_basic, tso_altar
D:9:      layout_basic
D:10:     layout_roguey, lair_entry_dummy, enter_trove_6
D:11:     layout_layer_cave, serial_park_tiny_2, ashenzari_altar_1, uniq_psyche
Temple:   mainiacjoe_temple_archimedes_tessellation

Skill      XL: |  1  2  3  4  5  6  7  8  9 10 |
---------------+-------------------------------+-----
Ice Magic      | 5 6 7 8 9 11 12 | 12.5
Conjurations   | 4 5 |  5.8
Spellcasting   | 4 5 |  5.8
Invocations    | 2 4 |  4.6
Transmutations | 2 |  2.2
Fire Magic     | 2 |  2.1
Poison Magic   | 2 |  2.6
Dodging        | |  2.0
Stealth        | |  2.6

Action                   |  1- 3 |  4- 6 |  7- 9 | 10-12 || total
-------------------------+-------+-------+-------+-------++-------
Melee: Unarmed           |     3 |       |       |       ||     3
       Constrict         |     8 |     7 |    42 |    13 ||    70
       Whip              |    15 |       |       |       ||    15
       Tentacles         |     5 |     3 |    41 |    20 ||    69
       Flail             |       |    32 |   156 |    52 ||   240
       Punch             |       |     1 |     3 |     1 ||     5
       Short sword       |       |       |       |    21 ||    21
 Fire: Hunting sling     |    54 |    68 |     7 |    11 ||   140
 Cast: Freeze            |    32 |    18 |     1 |     5 ||    56
       Frozen Ramparts   |     2 |    10 |    22 |    13 ||    47
       Ozocubu's Armour  |       |       |    21 |    14 ||    35
       Hailstorm         |       |       |       |     2 ||     2
  Use: Scroll            |       |     5 |     9 |       ||    14
 Stab: Sleeping          |     2 |     4 |     1 |     3 ||    10
Armor: Skin              |     5 |     5 |    39 |    24 ||    73
Dodge: Dodged            |    34 |    52 |   157 |   109 ||   352
